[Event "Titled Tuesday Blitz January 03 Early 2023"]
[White "Janaszak, Dawid"]
[Black "Preotu, Razvan"]
[WhiteFideId "1119206"]
[BlackFideId "2613280"]
[WhiteElo "2316"]
[BlackElo "2475"]
[Result "0-1"]
[Round "06"]
[TimeControl "180+2"]
[Date "2023.01.03"]
[WhiteClock "0:00:09"]
[BlackClock "0:00:04"]

1. e4 c5 2. Nc3 d6 3. d4 cxd4 4. Qxd4 Nc6 5. Qd2 g6 6. b3 Bh6 7. f4 Nf6 8. Bb2 O-O 9. O-O-O e5 10. g3 Re8 11. Kb1 Nd4 12. Bg2 Bg4 13. Re1 Rc8 14. h3 Bd7 15. Nge2 Bg7 16. Nxd4 exd4 17. Qxd4 Nxe4 18. Nxe4 Bxd4 19. Bxd4 Rxe4 20. Bxe4 Bc6 21. Rh2 Qa5 22. Rhe2 Re8 23. Bf2 Bxe4 24. Rxe4 Rxe4 25. Rxe4 Qd5 26. Re8+ Kg7 27. Be1 Qd1+ 28. Kb2 d5 29. Bf2 b6 30. g4 h5 31. g5 f5 32. Re7+ Kf8 33. Rxa7 Qd2 34. Bxb6 Qxf4 35. Bc5+ Ke8 36. a4 Qd2 37. Re7+ Kd8 38. a5 d4 39. Re6 Qc3+ 40. Kb1 Qxc5 41. a6 Kc7 42. Rxg6 Kb8 43. Rf6 Qe5 44. Rf7 Qe6 45. Rb7+ Ka8 46. h4 f4 47. Rh7 f3 48. Rh8+ Ka7 49. Rf8 Qe1+ 50. Ka2 f2 51. Rf7+ Kxa6 52. g6 f1=Q 0-1


[Site "https://www.chess.com"]

[Event "Titled Tuesday Blitz January 03 Early 2023"]
[White "Kadric, Denis"]
[Black "Iljin, Timofey"]
[WhiteFideId "14403803"]
[BlackFideId "14110180"]
[WhiteElo "2601"]
[BlackElo "2329"]
[Result "1-0"]
[Round "06"]
[TimeControl "180+2"]
[Date "2023.01.03"]
[WhiteClock "0:01:05"]
[BlackClock "0:00:05"]

1. e4 e5 2. Nf3 Nc6 3. Bc4 Nf6 4. d3 Bc5 5. O-O d6 6. c3 a6 7. Bb3 b5 8. Re1 h6 9. Nbd2 O-O 10. Nf1 Bb6 11. Ng3 Ne7 12. d4 Ng6 13. h3 c5 14. Be3 c4 15. Bc2 Bb7 16. Qd2 Kh7 17. Rad1 Qc7 18. Qc1 Rad8 19. Nf5 Ng8 20. Nh2 N6e7 21. Ng3 Nf6 22. f4 exd4 23. e5+ Ng6 24. cxd4 dxe5 25. fxe5 Nd5 26. Bxh6 gxh6 27. Ng4 Nf4 28. Qxf4 Qc6 29. Qxh6+ Kg8 30. Nf6+ Qxf6 31. exf6 Bxd4+ 32. Rxd4 1-0


[Site "https://www.chess.com"]

[Event "Titled Tuesday Blitz January 03 Early 2023"]
[White "Melaugh, Shane"]
[Black "Goryachkina, Aleksandra"]
[WhiteFideId "2509580"]
[BlackFideId "4147103"]
[WhiteElo "2115"]
[BlackElo "2571"]
[Result "1-0"]
[Round "06"]
[TimeControl "180+2"]
[Date "2023.01.03"]
[WhiteClock "0:00:51"]
[BlackClock "0:00:23"]

1. c4 Nf6 2. Nc3 c5 3. g3 g6 4. Bg2 Bg7 5. e4 O-O 6. Nge2 Nc6 7. d3 d6 8. a3 Bd7 9. Rb1 Qc8 10. O-O Bh3 11. b4 Bxg2 12. Kxg2 b6 13. b5 Nd4 14. Nxd4 cxd4 15. Ne2 Nd7 16. a4 Nc5 17. Ba3 f5 18. Bxc5 Qxc5 19. f3 Bh6 20. Qb3 Be3 21. Nf4 Bxf4 22. gxf4 Kg7 23. Rbe1 fxe4 24. Rxe4 e5 25. fxe5 dxe5 26. Rfe1 Rf5 27. Qb2 Raf8 28. f4 Rxf4 29. Rxe5 Rf2+ 30. Qxf2 Rxf2+ 31. Kxf2 Qa3 32. Re7+ Kh6 33. R1e4 Qxd3 34. Rh4+ Kg5 35. Rhxh7 Qc2+ 36. Kf3 d3 37. h4+ 1-0


[Site "https://www.chess.com"]

[Event "Titled Tuesday Blitz January 03 Early 2023"]
[White "Vlassov, Nikolai"]
[Black "Ozen, Bahadir"]
[WhiteFideId "4103360"]
[BlackFideId "6337058"]
[WhiteElo "2283"]
[BlackElo "2369"]
[Result "1-0"]
[Round "06"]
[TimeControl "180+2"]
[Date "2023.01.03"]
[WhiteClock "0:00:12"]
[BlackClock "0:00:01"]

1. e4 g6 2. Nc3 Bg7 3. h4 h6 4. d4 d6 5. h5 g5 6. f4 gxf4 7. Bxf4 Nc6 8. d5 Ne5 9. Nf3 Bg4 10. Be2 Bxf3 11. gxf3 e6 12. Qd2 Ne7 13. dxe6 fxe6 14. O-O-O N7c6 15. Be3 Qe7 16. f4 Nd7 17. Bb5 Rf8 18. Rhg1 a6 19. Ba4 O-O-O 20. Bxc6 bxc6 21. Qd3 Kb7 22. Na4 c5 23. e5 dxe5 24. Qe4+ c6 25. Rxd7+ Rxd7 26. Nxc5+ Kc7 27. Nxa6+ Kd8 28. Qxc6 Ke8 29. Bc5 Qf6 30. Nc7+ Kd8 31. Nxe6+ Ke8 32. Rxg7 Rf7 33. Rg8+ 1-0


[Site "https://www.chess.com"]

[Event "Titled Tuesday Blitz January 03 Early 2023"]
[White "Goroshkov, Maksym"]
[Black "Harsha Bharathakoti"]
[WhiteFideId "14142716"]
[BlackFideId "5078776"]
[WhiteElo "2287"]
[BlackElo "2602"]
[Result "1-0"]
[Round "06"]
[TimeControl "180+2"]
[Date "2023.01.03"]
[WhiteClock "0:00:40"]
[BlackClock "0:00:37"]

1. e4 c6 2. d4 d5 3. exd5 cxd5 4. c4 Nf6 5. Nc3 Nc6 6. Nf3 Be6 7. cxd5 Nxd5 8. Bb5 a6 9. Bxc6+ bxc6 10. O-O g6 11. Ne5 Bg7 12. Nxc6 Qc7 13. Nxd5 Bxd5 14. Nb4 Bb7 15. Qa4+ Qd7 16. Qxd7+ Kxd7 17. Be3 Rhc8 18. Rac1 a5 19. Nd3 Bd5 20. Nc5+ Ke8 21. b3 e6 22. Na4 Rab8 23. f3 Bf8 24. Nc5 f6 25. Rc3 Bxc5 26. Rxc5 Rxc5 27. dxc5 Kd7 28. Bd2 a4 29. bxa4 Rb2 30. Bc3 Rxa2 31. Bxf6 Rxa4 32. Rc1 Rc4 33. Rxc4 Bxc4 34. Kf2 Kc6 35. Be7 Bd3 36. f4 Be4 37. g3 h5 38. Ke3 Bf5 39. Kd4 Kd7 40. Bd6 Kc6 41. Ke5 Kd7 42. Kf6 Kc6 43. h3 Bxh3 44. Kxg6 Bg4 45. Kg5 Kd7 46. Be5 Kc6 47. Bd4 Kd5 48. Bg1 Kc6 49. Kf6 Kd7 50. Ke5 Kc6 51. Bf2 Bf5 52. Kf6 Bg4 53. Kg6 Kd7 54. Kf7 Kc6 55. Ke8 Bf5 56. Kd8 Bg4 57. Ke7 Bf5 58. Be3 Bg4 59. Kf6 Bf5 60. Kg7 Bg4 61. Kg6 Kd7 62. Kg5 Kc6 63. Kf6 Kd7 64. Ke5 Bf5 65. Kd4 Kc6 66. Kc4 Bg4 67. Kb4 Bf5 68. Ka5 Bg4 69. Ka6 Bf5 70. Ka5 Bg4 71. Kb4 Be2 72. Kc3 Bg4 73. Kd4 Bf5 74. Ke5 Bg4 75. Bd4 Bf5 76. Kf6 Bg4 77. Kg5 Kd5 78. Bf2 Kc6 79. Bg1 Kd7 80. Kh6 Ke7 81. Kg7 Kd7 82. Kf6 Bf5 83. Kf7 Bg4 84. Kg6 Bf5+ 85. Kxh5 Be4 86. g4 Bf3 87. Kg5 Ke7 88. Bd4 Kf7 89. Be5 Ke7 90. Bd6+ Kf7 91. f5 exf5 92. Kxf5 Bc6 93. g5 Bd7+ 94. Ke5 Bh3 95. c6 Bg2 96. c7 Bh3 97. Kd5 Ke8 98. Kc6 Bg2+ 99. Kb6 Kd7 100. g6 Be4 101. g7 Bh7 102. Kb7 1-0


[Site "https://www.chess.com"]

[Event "Titled Tuesday Blitz January 03 Early 2023"]
[White "Kobalia, Mikhail"]
[Black "Atanasov, Anthony"]
[WhiteFideId "4119150"]
[BlackFideId "2623897"]
[WhiteElo "2578"]
[BlackElo "2368"]
[Result "0-1"]
[Round "06"]
[TimeControl "180+2"]
[Date "2023.01.03"]
[WhiteClock "0:00:34"]
[BlackClock "0:00:19"]

1. e4 e5 2. Nf3 Nf6 3. Nc3 Nc6 4. a4 a6 5. Bc4 Nxe4 6. Nxe4 d5 7. Bd3 dxe4 8. Bxe4 Bd6 9. O-O O-O 10. Re1 Bg4 11. h3 Bh5 12. d4 Nxd4 13. g4 Bg6 14. Bxg6 fxg6 15. Ng5 e4 16. Rxe4 Nf3+ 17. Qxf3 Rxf3 18. Nxf3 Qf6 19. Re3 Bc5 20. Rc3 Rf8 21. Bg5 Qb6 22. Rb3 Qxb3 23. cxb3 Rxf3 24. Rc1 Bb6 25. Be3 Rxe3 26. fxe3 Bxe3+ 0-1


[Site "https://www.chess.com"]

[Event "Titled Tuesday Blitz January 03 Early 2023"]
[White "Nenezic, Marko"]
[Black "Aldokhin, Ivan"]
[WhiteFideId "912123"]
[BlackFideId "24115720"]
[WhiteElo "2514"]
[BlackElo "2413"]
[Result "0-1"]
[Round "06"]
[TimeControl "180+2"]
[Date "2023.01.03"]
[WhiteClock "0:00:34"]
[BlackClock "0:01:50"]

1. Nf3 Nf6 2. g3 g6 3. Bg2 Bg7 4. O-O O-O 5. d3 d5 6. Nbd2 Nc6 7. e4 dxe4 8. dxe4 a5 9. Qe2 Nd7 10. Rd1 b6 11. e5 Ba6 12. c4 Nc5 13. Nb3 Bxc4 14. Rxd8 Bxe2 15. Rxa8 Rxa8 16. Nfd4 Nxd4 17. Nxd4 Rd8 18. Nxe2 Rd1+ 19. Bf1 Bxe5 20. Nc3 Bxc3 21. bxc3 Nd3 22. Kg2 Rxc1 23. Rxc1 Nxc1 24. Bc4 b5 25. Bxb5 Nxa2 26. c4 Nc3 0-1


[Site "https://www.chess.com"]

[Event "Titled Tuesday Blitz January 03 Early 2023"]
[White "Maevsky, Nikolay"]
[Black "Nigmatov, Ortik"]
[WhiteFideId "4198220"]
[BlackFideId "14202131"]
[WhiteElo "2277"]
[BlackElo "2438"]
[Result "0-1"]
[Round "06"]
[TimeControl "180+2"]
[Date "2023.01.03"]
[WhiteClock "0:00:01"]
[BlackClock "0:00:30"]

1. d4 Nf6 2. Nf3 e6 3. e3 b6 4. Bd3 Bb7 5. O-O c5 6. c4 cxd4 7. exd4 d5 8. cxd5 Nxd5 9. Nc3 Nd7 10. Re1 Be7 11. Bd2 O-O 12. a3 Rc8 13. Rc1 N7f6 14. Bb1 Nxc3 15. Bxc3 Qd5 16. Qd3 Qh5 17. Bd2 Rxc1 18. Rxc1 Bd6 19. h3 Be4 20. Qe2 Bxb1 21. Rxb1 Nd5 22. Rc1 h6 23. Qe4 Rd8 24. Kf1 Nf6 25. Qe2 Qf5 26. Be3 Ne4 27. Kg1 Nf6 28. Qc2 Qxc2 29. Rxc2 Nd5 30. Kf1 g5 31. g4 f6 32. Ke2 Kf7 33. Nd2 h5 34. Ne4 Bf4 35. Nc3 Rc8 36. Kd3 hxg4 37. hxg4 Bxe3 38. fxe3 Kg6 39. Rf2 Ne7 40. e4 Rh8 41. Rf3 Rh4 42. Rg3 Nc6 43. b4 Rh1 44. b5 Na5 45. d5 Kf7 46. Rf3 Nb7 47. e5 Nc5+ 48. Kc4 f5 49. gxf5 Rh4+ 50. Ne4 Rxe4+ 51. Kc3 exd5 52. e6+ Kf6 53. e7 Rxe7 0-1


[Site "https://www.chess.com"]

[Event "Titled Tuesday Blitz January 03 Early 2023"]
[White "Cnejev, Vladimir-Alexandru"]
[Black "Kopylov, Alexander A."]
[WhiteFideId "1260898"]
[BlackFideId "4164857"]
[WhiteElo "2374"]
[BlackElo "2397"]
[Result "0-1"]
[Round "06"]
[TimeControl "180+2"]
[Date "2023.01.03"]
[WhiteClock "0:00:06"]
[BlackClock "0:00:59"]

1. e4 e5 2. Nf3 Nc6 3. Bb5 a6 4. Ba4 d6 5. O-O Bd7 6. c3 Nf6 7. Re1 g6 8. d4 Bg7 9. Nbd2 O-O 10. h3 Qe8 11. Bc2 Nh5 12. Nc4 Kh8 13. Ne3 f5 14. exf5 gxf5 15. dxe5 dxe5 16. Nd5 Rc8 17. Be3 e4 18. Bc5 Rg8 19. Nd4 b6 20. Nxc6 Bxc6 21. Bd4 Bxd5 22. Bxg7+ Rxg7 23. Qxd5 Rxg2+ 24. Kf1 Qg6 25. Qe5+ Nf6 26. Rad1 Re8 27. Qxc7 e3 28. Rxe3 Rxe3 29. fxe3 Rg1+ 30. Ke2 Qg2+ 31. Kd3 Qe4+ 32. Kd2 Rg2+ 33. Ke1 Qxe3+ 34. Kf1 Qe2# 0-1


[Site "https://www.chess.com"]

[Event "Titled Tuesday Blitz January 03 Early 2023"]
[White "Christie, Joshua"]
[Black "Putnam, Liam"]
[WhiteFideId "7402074"]
[BlackFideId "30938279"]
[WhiteElo "2294"]
[BlackElo "2285"]
[Result "0-1"]
[Round "06"]
[TimeControl "180+2"]
[Date "2023.01.03"]
[WhiteClock "0:00:13"]
[BlackClock "0:00:14"]

1. Nf3 d5 2. b3 c5 3. Bb2 f6 4. e3 e5 5. d4 cxd4 6. exd4 e4 7. Nfd2 f5 8. c4 Nf6 9. Nc3 Be6 10. cxd5 Nxd5 11. Bc4 Nc6 12. O-O Bb4 13. Ndxe4 Nxc3 14. Nxc3 Bxc4 15. bxc4 O-O 16. Nd5 Bd6 17. Qb3 Na5 18. Qd3 Rc8 19. Rac1 b5 20. c5 Bxh2+ 21. Kxh2 Qxd5 22. Qxb5 Rb8 23. Qxa5 Rxb2 24. Qc3 Rxa2 25. Qc4 Qf7 26. c6 Rc8 27. d5 Rd2 28. Rcd1 Rxd1 29. Rxd1 Qh5+ 30. Kg3 Qxd1 31. d6+ Kf8 32. d7 Qd6+ 33. f4 Rd8 34. c7 Qxd7 35. Qc5+ Kg8 36. cxd8=Q+ Qxd8 37. Qxf5 Qe7 38. Qd5+ Kf8 39. Qa8+ Kf7 40. Qd5+ Qe6 41. Qb7+ Qe7 42. Qd5+ Kg6 43. Kg4 Qe2+ 44. Kg3 h5 45. Qg5+ Kh7 46. Qf5+ Kg8 47. Qc8+ Kf7 48. Qb7+ Kf6 49. Qxa7 Qg4+ 50. Kf2 Qxf4+ 51. Kg1 Qc1+ 52. Kh2 Qf4+ 53. Kg1 Qg4 54. Qb6+ Kf7 55. Qc7+ Kg8 56. Qd8+ Kh7 57. Qd6 Qg6 58. Qe5 Qh6 59. Qf5+ Qg6 60. Qe5 Qg4 61. Qe7 h4 62. Qe3 Qf5 63. Kh2 Kg6 64. Qh3 Qxh3+ 65. Kxh3 Kh5 66. g3 hxg3 67. Kxg3 Kg5 68. Kf3 Kh4 69. Kg2 Kg4 70. Kh2 Kf3 71. Kg1 g5 72. Kf1 g4 73. Kg1 Kg3 74. Kh1 Kf2 75. Kh2 g3+ 76. Kh3 g2 77. Kh4 g1=Q 78. Kh5 Qg7 79. Kh4 Kf3 80. Kh3 Qg3# 0-1


[Site "https://www.chess.com"]

[Event "Titled Tuesday Blitz January 03 Early 2023"]
[White "Gascon Del Nogal, Jose Rafael"]
[Black "Shipov, Sergei"]
[WhiteFideId "3902463"]
[BlackFideId "4113624"]
[WhiteElo "2459"]
[BlackElo "2541"]
[Result "0-1"]
[Round "06"]
[TimeControl "180+2"]
[Date "2023.01.03"]
[WhiteClock "0:00:06"]
[BlackClock "0:01:09"]

1. e4 e6 2. d4 d5 3. e5 c5 4. c3 Nc6 5. Nf3 Bd7 6. Be2 Nge7 7. O-O Ng6 8. g3 f6 9. h4 fxe5 10. h5 e4 11. hxg6 exf3 12. Bxf3 hxg6 13. c4 Nxd4 14. cxd5 Qf6 15. Bg2 O-O-O 16. Nc3 exd5 17. Nxd5 Qf5 18. Ne3 Qh5 19. Qxh5 gxh5 20. Re1 h4 21. b4 hxg3 22. fxg3 Bd6 23. bxc5 Bxg3 24. Bb2 Bc6 25. Bxd4 Rxd4 0-1


[Site "https://www.chess.com"]

[Event "Titled Tuesday Blitz January 03 Early 2023"]
[White "Martinez Ramirez, Lennis"]
[Black "Avila Pavas, Santiago"]
[WhiteFideId "3509079"]
[BlackFideId "4437128"]
[WhiteElo "2426"]
[BlackElo "2522"]
[Result "0-1"]
[Round "06"]
[TimeControl "180+2"]
[Date "2023.01.03"]
[WhiteClock "0:00:27"]
[BlackClock "0:00:29"]

1. c4 Nf6 2. d4 e6 3. Nf3 d5 4. g3 Bb4+ 5. Bd2 a5 6. Bg2 O-O 7. Qc1 c5 8. dxc5 d4 9. Bxb4 axb4 10. Nbd2 Nc6 11. O-O e5 12. a3 h6 13. axb4 Rxa1 14. Qxa1 e4 15. b5 exf3 16. Nxf3 Ne7 17. b4 d3 18. Rd1 dxe2 19. Rxd8 Rxd8 20. Ne1 Rd1 21. Qc3 Be6 22. c6 b6 23. f3 Ned5 24. cxd5 Nxd5 25. Qc2 Rxe1+ 26. Kf2 Rf1+ 27. Kxe2 Rg1 28. Kf2 Rxg2+ 29. Kxg2 Ne3+ 30. Kf2 Nxc2 31. Ke2 Nd4+ 32. Kd3 Nxb5 33. Ke4 Kf8 34. Ke5 Ke7 35. f4 f6+ 36. Ke4 Kd6 37. f5 Bc8 38. c7 Nxc7 39. Kf4 Na6 40. g4 Nxb4 41. Kg3 Nd5 42. Kh4 b5 43. Kh5 Ne7 44. h4 b4 45. g5 hxg5 46. hxg5 b3 47. gxf6 gxf6 48. Kh6 b2 49. Kg7 Ke5 50. Kf7 Nxf5 51. Ke8 b1=Q 52. Kd8 Qb7 53. Ke8 Qe7# 0-1


[Site "https://www.chess.com"]

[Event "Titled Tuesday Blitz January 03 Early 2023"]
[White "Zohid6"]
[Black "Leenhouts, Koen"]
[BlackFideId "1008439"]
[WhiteElo "2748"]
[BlackElo "2447"]
[Result "0-1"]
[Round "06"]
[TimeControl "180+2"]
[Date "2023.01.03"]
[WhiteClock "0:01:21"]
[BlackClock "0:00:04"]

1. d4 Nf6 2. Nc3 d5 3. Bf4 e6 4. Nb5 Na6 5. e3 c6 6. Nc3 Nc7 7. Bd3 Bd6 8. Qf3 b6 9. g4 Ba6 10. g5 Ng8 11. h4 Bxd3 12. cxd3 Ne7 13. h5 Nf5 14. Nge2 Bxf4 15. Qxf4 Qd6 16. Qxd6 Nxd6 17. Rc1 Kd7 18. Nf4 h6 19. g6 f6 20. e4 Ndb5 21. Nce2 Rae8 22. f3 Rhf8 23. Ng2 e5 24. dxe5 fxe5 25. Rf1 Ne6 26. Kd2 Nbd4 27. Nxd4 Nxd4 28. Ke3 Re6 29. f4 Ref6 30. f5 Rd6 31. Rfd1 c5 32. Ne1 Nc6 33. Nf3 Re8 34. Nh2 d4+ 35. Kf3 Ne7 36. Ng4 Ng8 37. a3 Rc6 38. Rc2 Nf6 39. Nxf6+ Rxf6 40. b4 Rc6 41. Rdc1 Rec8 42. bxc5 bxc5 43. Rb1 R8c7 44. Rc4 Rb6 45. Rbc1 Rbc6 46. Ra4 Ke7 47. Ra5 Kf6 48. Rc4 Kg5 49. Rb5 Kxh5 50. Rb8 Kg5 51. Rc1 Rb6 52. Rf8 Rb3 53. Rg1+ Kh5 54. f6 Rxd3+ 55. Ke2 Re3+ 56. Kd2 c4 57. fxg7 Rxg7 58. Rf5+ Kh4 59. Rf7 Rg8 60. g7 Rg3 61. Rh1+ Kg5 62. Rf5+ Kg6 63. Rxe5 Rg2+ 64. Kc1 Rxg7 65. Re6+ Kg5 66. Rexh6 Kf4 67. Rc6 c3 68. Rd1 Kxe4 69. Rd6 Rd2 70. Rh1 Kd3 71. Rh3+ Kc4 72. Rh1 Rgg2 73. Rc6+ Kd3 74. Rh3+ Ke4 75. Rcxc3 dxc3 76. Rxc3 Rdf2 77. Rc4+ Kd5 0-1


[Site "https://www.chess.com"]

[Event "Titled Tuesday Blitz January 03 Early 2023"]
[White "Renjith, Sravan"]
[Black "Krivonosov, Oleg"]
[WhiteFideId "4306783"]
[BlackFideId "11600349"]
[WhiteElo "2172"]
[BlackElo "2359"]
[Result "1/2-1/2"]
[Round "06"]
[TimeControl "180+2"]
[Date "2023.01.03"]
[WhiteClock "0:01:21"]
[BlackClock "0:01:18"]

1. d4 d5 2. Bf4 e6 3. e3 Bd6 4. Bg3 Nf6 5. Nf3 O-O 6. Bd3 c5 7. c3 Qc7 8. Nbd2 Nbd7 9. O-O Bxg3 10. hxg3 e5 11. e4 cxd4 12. cxd4 dxe4 13. Nxe4 Nxe4 14. Bxe4 Nf6 15. Rc1 Qb6 16. Bb1 exd4 17. Qxd4 Qxd4 18. Nxd4 Rd8 19. Rfd1 Bd7 20. Rc7 Rab8 21. Nf5 Bxf5 22. Rxd8+ Rxd8 23. Bxf5 g6 24. Bc2 Rd7 25. Rc8+ Kg7 26. Bb3 Ne4 27. Rc4 Nd2 28. Rc3 Nxb3 29. Rxb3 b6 30. Kf1 Rd2 31. Ra3 Rxb2 32. Rxa7 h5 33. a4 g5 34. Rb7 Rb4 35. Ra7 Kg6 36. a5 bxa5 37. Rxa5 f6 38. f3 Rb2 39. Ra3 g4 40. Re3 Kf5 41. Re2 Rxe2 42. Kxe2 Ke5 43. Ke3 f5 44. f4+ Kd5 45. Kd3 Kc5 46. Kc3 Kd5 47. Kd3 Kc5 48. Kc3 Kd5 49. Kd3 1/2-1/2


[Site "https://www.chess.com"]

[Event "Titled Tuesday Blitz January 03 Early 2023"]
[White "Florescu, Codrut-Constantin"]
[Black "Beerdsen, Thomas"]
[WhiteFideId "1202200"]
[BlackFideId "1030108"]
[WhiteElo "2259"]
[BlackElo "2507"]
[Result "1-0"]
[Round "06"]
[TimeControl "180+2"]
[Date "2023.01.03"]
[WhiteClock "0:00:12"]
[BlackClock "0:00:02"]

1. e4 e5 2. Nf3 Nc6 3. Nc3 Nf6 4. g3 Bb4 5. Bg2 d6 6. O-O O-O 7. d3 h6 8. h3 Re8 9. Bd2 Be6 10. a3 Ba5 11. b4 Bb6 12. Be3 d5 13. Bxb6 axb6 14. exd5 Nxd5 15. Nxd5 Bxd5 16. Re1 Qd6 17. Qd2 b5 18. Qe3 Re6 19. c3 Rd8 20. a4 bxa4 21. Rxa4 Bxf3 22. Qxf3 Qxd3 23. Re3 Qb1+ 24. Kh2 Rf6 25. Qe2 Qc1 26. Ra2 g6 27. b5 Ne7 28. Rxe5 Nf5 29. Rc2 Qa1 30. Bxb7 Kg7 31. Bg2 h5 32. Rd5 Rxd5 33. Bxd5 Qa4 34. Rd2 Qa3 35. c4 Qc3 36. Qd3 Qe5 37. Re2 Qa1 38. Rd2 h4 39. g4 Nd6 40. Qe3 Qf1 41. Re2 Qd1 42. Qe5 g5 43. Qxg5+ Rg6 44. Qe5+ Kh7 45. Be4 Nxe4 46. Qxe4 Qd6+ 47. f4 Qd1 48. Kg2 Kg7 49. g5 Rd6 50. f5 Rd4 51. f6+ Kg8 52. Qe8+ Kh7 53. Qxf7+ 1-0


[Site "https://www.chess.com"]

[Event "Titled Tuesday Blitz January 03 Early 2023"]
[White "Tanenbaum, Zachary"]
[Black "Dev, Shah"]
[WhiteFideId "2060850"]
[BlackFideId "35019058"]
[WhiteElo "2261"]
[BlackElo "2334"]
[Result "1-0"]
[Round "06"]
[TimeControl "180+2"]
[Date "2023.01.03"]
[WhiteClock "0:00:50"]
[BlackClock "0:00:02"]

1. e4 e5 2. Nf3 Nc6 3. Bc4 Bc5 4. c3 Nf6 5. d4 exd4 6. b4 Be7 7. b5 Na5 8. Bd3 d5 9. e5 Ne4 10. cxd4 O-O 11. O-O f6 12. Qe1 b6 13. Bxe4 dxe4 14. Qxe4 Bb7 15. Qg4 Bxf3 16. gxf3 fxe5 17. dxe5 Qd5 18. Qe4 Qxb5 19. Nc3 Qc6 20. Nd5 Bc5 21. Be3 Rad8 22. Rfd1 Rfe8 23. Rac1 Rd7 24. Bxc5 bxc5 25. f4 Qe6 26. f5 Qh6 27. Rc3 Rf7 28. e6 Rff8 29. Nxc7 Re7 30. Nd5 Ree8 31. Rg3 Nb7 32. f6 Nd6 33. f7+ Kh8 34. fxe8=Q Rxe8 35. Qe5 Rxe6 36. Qf4 1-0


[Site "https://www.chess.com"]

[Event "Titled Tuesday Blitz January 03 Early 2023"]
[White "Tologon tegin, Semetei"]
[Black "Khubukshanov, Erdem"]
[WhiteFideId "13800574"]
[BlackFideId "54114527"]
[WhiteElo "2372"]
[BlackElo "2382"]
[Result "1-0"]
[Round "06"]
[TimeControl "180+2"]
[Date "2023.01.03"]
[WhiteClock "0:00:07"]
[BlackClock "0:00:03"]

1. e4 c5 2. Nf3 Nc6 3. d4 cxd4 4. Nxd4 Qb6 5. Nb3 Nf6 6. Nc3 e6 7. Be3 Qc7 8. a3 Be7 9. f4 O-O 10. e5 Nd5 11. Nxd5 exd5 12. Qxd5 d6 13. exd6 Bxd6 14. O-O-O Bxf4 15. Bxf4 Qxf4+ 16. Qd2 Qh4 17. g3 Qh5 18. Bg2 Bg4 19. Rde1 Rac8 20. h3 Be6 21. g4 Qg6 22. Be4 Qf6 23. Rhf1 Qh4 24. Nc5 Rfd8 25. Qe3 Nd4 26. Nxe6 fxe6 27. Kb1 Qe7 28. c3 Nc6 29. Bf5 exf5 30. Qxe7 Nxe7 31. Rxe7 Rf8 32. gxf5 Rf7 33. Rfe1 Kf8 34. Rxf7+ Kxf7 35. Re5 Rc4 36. Rd5 Ke7 37. a4 Rxa4 38. b4 Ra6 39. Kb2 Rh6 40. Rd3 Rh5 41. Rf3 Kf6 42. Rd3 Kxf5 43. Rd5+ Kg6 44. Rd6+ Kg5 45. Rd7 Rxh3 46. Rxg7+ Kf6 47. Rxb7 h5 48. Rxa7 h4 49. Ra8 Ke5 50. Kb3 Rh1 51. Rh8 h3 52. Kc4 Kd6 53. Kb5 h2 54. c4 Kc7 55. c5 Kd7 56. Rh7+ Ke6 57. c6 Kd6 58. Rh6+ Kc7 59. Rh8 Kd6 60. Rh7 Ke6 61. Kb6 Kd6 62. c7 Rc1 63. Rh6+ Kd7 64. Rh7+ Kd6 65. Rxh2 Rc6+ 66. Kb5 Rxc7 67. Rd2+ Ke6 68. Kb6 Rc4 69. b5 Rb4 70. Kc6 Rc4+ 71. Kb7 Rb4 72. b6 Rb1 73. Kc7 Rc1+ 74. Kb8 Rb1 75. b7 Rb3 76. Rd4 Rb2 77. Kc7 Ke5 78. Ra4 Rc2+ 79. Kb6 Rb2+ 80. Ka7 Kd6 81. b8=Q+ Rxb8 82. Kxb8 Kc5 83. Kb7 1-0


[Site "https://www.chess.com"]

[Event "Titled Tuesday Blitz January 03 Early 2023"]
[White "Starozhilov, Leonid"]
[Black "Mihajlov, Sebastian"]
[WhiteFideId "14106752"]
[BlackFideId "1512110"]
[WhiteElo "2313"]
[BlackElo "2373"]
[Result "1/2-1/2"]
[Round "06"]
[TimeControl "180+2"]
[Date "2023.01.03"]
[WhiteClock "0:00:04"]
[BlackClock "0:00:08"]

1. e4 e5 2. Nf3 Nc6 3. Bc4 Bc5 4. d3 Nf6 5. Nc3 h6 6. Be3 d6 7. h3 Bxe3 8. fxe3 Na5 9. Bb3 Nxb3 10. axb3 a6 11. O-O O-O 12. Qe1 c6 13. Nh4 d5 14. Nf5 Bxf5 15. Rxf5 dxe4 16. dxe4 Qe7 17. Qg3 Rae8 18. Raf1 Nd7 19. Qg4 Nc5 20. Ne2 Kh7 21. Ng3 f6 22. Rh5 Qf7 23. Nf5 Qg6 24. Qh4 Nxe4 25. Rxh6+ gxh6 26. Qxe4 Rg8 27. Kh2 Rd8 28. Rf2 Kh8 29. Qh4 Qg5 30. Qe4 Qg6 31. g4 Rd1 32. Qf3 Rgd8 33. Ne7 Qg5 34. Qxf6+ Qxf6 35. Rxf6 Kg7 36. Rf3 R8d2+ 37. Kg3 Rxc2 38. Nf5+ Kh7 39. Ne7 Rxb2 40. Rf7+ Kh8 41. Ng6+ Kg8 42. Rxb7 Rg1+ 43. Kh4 Rh2 44. Nxe5 Rgh1 45. Kh5 Rxh3+ 46. Kg6 Kf8 47. Nxc6 Rxe3 48. Rf7+ Ke8 49. Rf6 Kd7 50. Nb8+ Kc8 51. Nxa6 Rxb3 52. Rf8+ Kd7 53. Nc5+ Ke7 54. Rf7+ Ke8 55. Nxb3 Rh4 56. Rf4 h5 57. Re4+ Kf8 58. Rf4+ Kg8 59. Kf5 Rxg4 60. Rf3 Kh7 61. Nc5 Rg8 62. Ne6 Rg1 63. Re3 h4 64. Ng5+ Kg8 65. Re8+ Kg7 66. Re7+ Kf8 67. Rf7+ Ke8 68. Rf6 Rf1+ 69. Kg6 Rxf6+ 70. Kxf6 h3 71. Nxh3 1/2-1/2


[Site "https://www.chess.com"]

[Event "Titled Tuesday Blitz January 03 Early 2023"]
[White "Graca, Robert"]
[Black "Ardelean, George-Catalin"]
[WhiteFideId "644943"]
[BlackFideId "1207091"]
[WhiteElo "2270"]
[BlackElo "2470"]
[Result "0-1"]
[Round "06"]
[TimeControl "180+2"]
[Date "2023.01.03"]
[WhiteClock "0:00:26"]
[BlackClock "0:00:57"]

1. Nf3 d5 2. d4 e6 3. c4 a6 4. Bg5 Be7 5. Bxe7 Qxe7 6. e3 Nf6 7. Nbd2 O-O 8. Bd3 b6 9. O-O Bb7 10. Rc1 c5 11. cxd5 exd5 12. Ne5 c4 13. Bb1 Nbd7 14. f4 b5 15. Rf3 Ne4 16. Rh3 f5 17. Nxd7 Qxd7 18. Nf3 Rf6 19. Ne5 Qe7 20. Bxe4 dxe4 21. b3 Bd5 22. bxc4 bxc4 23. Nxc4 Rc6 24. Ne5 Rxc1 25. Qxc1 Qb7 26. Rh5 Rc8 27. Qe1 Qb2 0-1


[Site "https://www.chess.com"]

[Event "Titled Tuesday Blitz January 03 Early 2023"]
[White "Mostbauer, Maximilian"]
[Black "Cardoso Cardoso, Jose Gabriel"]
[WhiteFideId "1626680"]
[BlackFideId "4430492"]
[WhiteElo "2167"]
[BlackElo "2492"]
[Result "0-1"]
[Round "06"]
[TimeControl "180+2"]
[Date "2023.01.03"]
[WhiteClock "0:00:15"]
[BlackClock "0:00:02"]

1. d4 Nf6 2. Nf3 d5 3. g3 c5 4. Bg2 cxd4 5. O-O h6 6. b3 e6 7. Bb2 Nc6 8. Nxd4 Bd7 9. Nd2 Rc8 10. c4 Nxd4 11. Bxd4 Bc6 12. e3 Be7 13. Rc1 O-O 14. cxd5 Nxd5 15. Nc4 Bb5 16. Qg4 Bf6 17. Rfd1 Bxd4 18. Qxd4 Qe7 19. Bxd5 exd5 20. Qxd5 Bc6 21. Qe5 Qb4 22. Nd6 Rcd8 23. Nf5 Qg4 24. Rd4 Rxd4 25. Nxd4 Bd7 26. Rc7 Re8 27. Qf4 Qh3 28. f3 g5 29. Qd6 Rxe3 30. Kf2 Rd3 31. Rxd7 Qxh2+ 32. Ke1 Qg1+ 33. Ke2 Qd1+ 34. Kf2 Rd2+ 35. Ne2 Qxe2+ 0-1


[Site "https://www.chess.com"]

[Event "Titled Tuesday Blitz January 03 Early 2023"]
[White "Fiorito, Francisco"]
[Black "Fernandez Guillen, Ernesto J."]
[WhiteFideId "180165"]
[BlackFideId "3512428"]
[WhiteElo "2305"]
[BlackElo "2477"]
[Result "1-0"]
[Round "06"]
[TimeControl "180+2"]
[Date "2023.01.03"]
[WhiteClock "0:00:56"]
[BlackClock "0:00:04"]

1. Nf3 Nf6 2. g3 g6 3. Bg2 Bg7 4. O-O O-O 5. d4 d5 6. c4 c6 7. cxd5 Nxd5 8. e4 Nb6 9. Nc3 N8d7 10. Qe2 e5 11. Bg5 Qe8 12. d5 h6 13. Be3 f5 14. exf5 gxf5 15. dxc6 bxc6 16. Nh4 e4 17. Rad1 Qe6 18. Bh3 a5 19. Qh5 Nc4 20. Nxf5 Nxe3 21. Nxe3 Qe5 22. Qxe5 Nxe5 23. Bxc8 Raxc8 24. Nxe4 Nf3+ 25. Kg2 Bxb2 26. Nd6 Rc7 27. Ndf5 Ng5 28. Nxh6+ Kh7 29. Nhg4 c5 30. h4 Ne4 31. Nd5 Rcf7 32. f3 Nd6 33. Nde3 Bd4 34. Nc2 Nf5 35. Nxd4 cxd4 36. Rd2 Rc7 37. Re1 Rc3 38. Re5 a4 39. Ra5 a3 40. Ra7+ Kg8 41. h5 1-0


[Site "https://www.chess.com"]